 Dungeon Crawl Stone Soup version 0.29-a0-82-g837932c90e (webtiles) character file.

Game seed: 9577192383984045824

32 shoop the Ogre Mage (level 3, 0/46 HPs)
             Began as an Ogre Hedge Wizard on Feb 4, 2022.
             Was a Follower of Makhleb.
             Slain by a hound (4 damage)
             ... on level 3 of the Dungeon.
             The game lasted 00:03:26 (2136 turns).

shoop the Ogre Mage (Ogre Hedge Wizard)             Turns: 2136, Time: 00:03:27

Health: 0/46       AC: 21    Str: 16    XL:     3   Next: 27%
Magic:  1/8        EV:  1    Int: 15    God:    Makhleb [*.....]
Gold:   95         SH:  0    Dex:  8    Spells: 7/10 levels left

rFire   . . .      SeeInvis .   e - +0 whip
rCold   . . .      Faith    .   (no shield)
rNeg    . . .      Spirit   .   (armour currently unavailable)
rPois   +          Reflect  .   (helmet currently unavailable)
rElec   .          Harm     .   (cloak currently unavailable)
rCorr   .          Rampage  .   (gloves unavailable)
Will    .....      NoTele   +   (boots unavailable)
Stlth   +.........              q - amulet of the acrobat
HPRegen 0.15/turn               (no ring)
MPRegen 0.11/turn               (no ring)

@: tree-form
A: stationary, stasis, torment immunity, boosted hp, large, unfitting armour,
(tough skin 1)
a: Renounce Religion


You were on level 3 of the Dungeon.
You worshipped Makhleb.
Makhleb was aware of your devotion.
You were a tree.
You visited 1 branch of the dungeon, and saw 3 of its levels.

You collected 95 gold pieces.

Inventory:

Hand Weapons
 a - a +0 dagger
 e - a +0 whip (weapon)
Missiles
 o - 6 boomerangs
Armour
 b - a +0 robe (melded)
 c - a +0 hat (melded)
 m - a scarf of invisibility (melded)
Jewellery
 q - an amulet of the acrobat (around neck)
Scrolls
 d - a scroll of blinking {unknown}
 g - a scroll of holy word {unknown}
 h - a scroll of teleportation {unknown}
 j - 3 scrolls of identify {unknown}
 p - a scroll of noise {unknown}
Potions
 i - a potion of invisibility {unknown}
 k - a potion of ambrosia {unknown}
 l - a potion of might {unknown}
 n - 2 potions of brilliance {unknown}


   Skills:
 + Level 0.1 Maces & Flails
 - Level 2.0 Dodging
 - Level 1.4 Stealth
 - Level 4.1 Spellcasting
 + Level 1.7 Conjurations
 - Level 1.0 Summonings
 + Level 1.1 Translocations


You had 7 spell levels left.
You knew the following spells:

 Your Spells              Type           Power      Damage    Failure   Level
a - Magic Dart            Conj           32%        1d4       9%          1
b - Blink                 Tloc           12%        N/A       17%         2

Your spell library contained the following spells:

 Spells                   Type           Power      Damage    Failure   Level
 Slow                     Hex            12%        N/A       19%         1
 Call Imp                 Summ           6%         N/A       19%         2
 Call Canine Familiar     Summ           6%         N/A       34%         3
 Conjure Flame            Conj/Fire      5%         6-21      36%         3
 Mephitic Cloud           Conj/Pois/Air  4%         N/A       38%         3
 Portal Projectile        Hex/Tloc       8%         N/A       38%         3
 Leda's Liquefaction      Hex/Erth       1%         N/A       87%         4


Dungeon Overview and Level Annotations

Branches:
Dungeon (3/15)

Altars:
Cheibriados
Makhleb

Annotations:
D:2 Terence


Innate Abilities, Weirdness & Mutations

You are a tree.
Your roots penetrate the ground, keeping you stationary.
You cannot be teleported.
You are immune to unholy pain and torment.
Your maximum health is greatly increased.
Your equipment is partially melded.
You are too large for most types of armour.
((You have tough skin. (AC +1)))


Message History

Unknown command.
You barely miss the hound.
The hound is heavily wounded.
The hound closely misses you.
You closely miss the hound.
The hound is heavily wounded.
The hound bites you but does no damage. The hound bites you.
You barely miss the hound.
The hound is heavily wounded.
The hound bites you but does no damage.
You closely miss the hound.
The hound is heavily wounded.
The hound barely misses you. x2
You hit the hound.
The hound is severely wounded.
The hound bites you.
* * * LOW HITPOINT WARNING * * *
The hound bites you.
* * * LOW HITPOINT WARNING * * *
You closely miss the hound.
The hound is severely wounded.
The hound bites you.
* * * LOW HITPOINT WARNING * * *
You miss the hound.
The hound is severely wounded.
The hound bites you.
* * * LOW HITPOINT WARNING * * *
The hound barely misses you.
It was a potion of lignification.
You turn into a tree.
Your scarf of invisibility melds into your body.
Your +0 hat melds into your body.
Your +0 robe melds into your body.
Your roots penetrate the ground.
The hound bites you but does no damage.
You hit the hound.
The hound is almost dead.
The hound bites you but does no damage. x2
Unknown command.
You miss the hound.
The hound is almost dead.
The hound bites you but does no damage. The hound bites you.
You die...

## ##.# #..# #.#
#..# #.# #..#
#.###..#
#..##..#########
##.##..#.......#
#..#..#.......#
##.#..........#
#.#.####.♣...# #.#.#
#.h$..#
#####'#'###.....##
#........##.....#
####.)......##.....#
#...........##.....#
.........<..##.....#
#...........##.....#
............#


You could see a hound.

Vanquished Creatures
  An adder (D:2)
  A dart slug (D:1)
  2 bats
  3 giant cockroaches (D:1)
  3 goblins
  2 hobgoblins
  A quokka (D:1)
  2 ball pythons (D:1)
  A frilled lizard (D:1)
  3 kobolds
  2 rats (D:1)
21 creatures vanquished.

Notes
Turn   | Place    | Note
-------+----------+-------------------------------------------
     0 | D:1      | shoop the Ogre Hedge Wizard began the quest for the Orb.
     0 | D:1      | Reached XP level 1. HP: 16/16 MP: 5/5
    53 | D:1      | Reached skill level 1 in Summonings
   124 | D:1      | Found a faded altar of an unknown god.
   126 | D:1      | Prayed at the altar of an unknown god.
   126 | D:1      | Became a worshipper of Makhleb the Destroyer
   126 | D:1      | Reached * piety under Makhleb
   478 | D:1      | Reached skill level 4 in Spellcasting
   484 | D:1      | Reached XP level 2. HP: 21/24 MP: 1/7
   569 | D:1      | Learned a level 2 spell: Blink
   720 | D:1      | Reached skill level 1 in Conjurations
   776 | D:1      | Reached skill level 1 in Translocations
  1049 | D:2      | Reached XP level 3. HP: 14/31 MP: 1/8
  1552 | D:2      | Found a snail-covered altar of Cheibriados.
  1679 | D:3      | Noticed Terence
  2136 | D:3      | Slain by a hound

Illustrated notes

Levels and vault maps discovered:
D:1:      ncdulo_watergridlock, layout_basic, chequers_ecumenical_altar_twisty,
          minmay_misc_feat_cross
D:2:      layout_rooms, basic_altar
D:3:      layout_basic, kennysheep_generic_room_10, uniq_terence

Skill      XL: |  1  2 |
---------------+-------+-----
Summonings     | 1 |  1.0
Spellcasting   | 4 |  4.1
Dodging        | 2 |  2.0
Conjurations   | 1 |  1.7
Translocations | 1 |  1.1
Maces & Flails | |  0.1
Stealth        | |  1.4

Action                   || total
-------------------------++-------
Melee: Dagger            ||     9
       Whip              ||    16
 Cast: Magic Dart        ||    57
  Use: Potion            ||     2
Armor: Robe              ||    15
       Skin              ||     4
Dodge: Dodged            ||    27

Table legend: (Time is in decaauts)
 A = Elapsed time spent in this place.
 B = Non-inter-level travel time spent in this place.
 C = Inter-level travel time spent in this place.
 D = Time resting spent in this place.
 E = Time spent auto-exploring this place.
 F = Levels seen in this place.
 G = Mean time per level.
                   A        B        C        D        E       F      G
               +--------+--------+--------+--------+--------+-----+--------+
         Total |   2138 |   2050 |     88 |    148 |   1681 |   3 |  712.7 |
       Dungeon |   2138 |   2050 |     88 |    148 |   1681 |   3 |  712.7 |
               +--------+--------+--------+--------+--------+-----+--------+

Top non-repeatable levels by time:
     D:1: 1221 daAuts
     D:2: 688 daAuts
     D:3: 229 daAuts
